 Dungeon Crawl Stone Soup version 0.30.0-5-g1a98f26d00 (webtiles) character file.

Game seed: 9295437710228301627

1302 GigaChad the Chopper (level 8, -1/62 HPs)
             Began as a Formicid Fighter on May 11, 2023.
             Was an Initiate of Gozag.
             Slain by a black bear (3 damage)
             ... on level 6 of the Dungeon.
             The game lasted 00:07:01 (4955 turns).

GigaChad the Chopper (Formicid Fighter)             Turns: 4955, Time: 00:07:02

Health: -1/62      AC: 13    Str: 23    XL:     8   Next: 87%
Magic:  8/8        EV: 10    Int:  8    God:    Gozag
Gold:   215        SH: 11    Dex: 17    Spells: 7/7 levels left

rFire   . . .        a - +0 war axe
rCold   + . .        c - +0 buckler
rNeg    . . .        b - +0 scale mail
rPois   .            (helmet unavailable)
rElec   .            B - +0 cloak
rCorr   .            (no gloves)
SInv    +            f - +3 pair of seven-league boots {Rampage+∞}
Will    .....        p - amulet "Mintar" {Reflect -Tele rC+ Dex+4 SH+5 Stlth+}
Stlth   +            (no ring)
HPRegen 0.30/turn    (no ring)
MPRegen 0.11/turn

%: reflection, rampage+∞
@: lethally poisoned (-1 -> -4), marked, gold aura
A: permanent stasis, dig shafts and tunnels, antennae 3, four strong arms
a: Dig, Shaft Self, Renounce Religion, Potion Petition, Call Merchant, Bribe
Branch


You were on level 6 of the Dungeon.
You worshipped Gozag.
Gozag was aware of your devotion.
You visited 2 branches of the dungeon, and saw 7 of its levels.

You collected 298 gold pieces.
You paid 83 gold pieces to Gozag.

Inventory:

Hand Weapons
 a - a +0 war axe (weapon)
 x - a +1 great sword of electrocution
 A - a +3 quarterstaff of chaos
Armour
 b - a +0 scale mail (worn)
 c - a +0 buckler (worn)
 f - the +3 pair of seven-league boots (worn) {Rampage+∞}
   (You acquired it on level 3 of the Dungeon)

   Rampage+∞: When moving toward enemies, its wearer moves as far as possible.
 B - a +0 cloak (worn)
Jewellery
 p - the amulet "Mintar" (around neck) {Reflect -Tele rC+ Dex+4 SH+5 Stlth+}
   (You found it on level 2 of the Dungeon)

   [amulet of reflection]

   It reflects blocked missile attacks.
   Dex:       It affects your dexterity (+4).
   rC:        It protects you from cold.
   -Tele:     It prevents most forms of teleportation.
   SH:        It affects your SH (+5).
   Stlth:     It makes you more stealthy.
 w - an amulet of guardian spirit
Scrolls
 h - 2 scrolls of vulnerability
 j - 2 scrolls of amnesia
 l - 2 scrolls of identify
 n - 2 scrolls of fog
 q - a scroll of teleportation
 t - 5 scrolls of magic mapping {unknown}
 u - a scroll of immolation {unknown}
 v - a scroll of poison {unknown}
 y - a scroll of fear {unknown}
Potions
 d - 3 potions of might
 e - a potion of resistance {unknown}
 g - a potion of lignification {unknown}
 i - 2 potions of heal wounds {unknown}
 k - a potion of invisibility {unknown}
 m - a potion of berserk rage {unknown}
 o - a potion of mutation {unknown}
 r - a potion of ambrosia {unknown}
 s - 2 potions of curing {unknown}
 z - a potion of brilliance {unknown}


   Skills:
 * Level 5.0 Fighting
 * Level 1.9 Long Blades
 * Level 7.2 Axes
 * Level 5.7 Armour
 - Level 1.3 Dodging
 - Level 0.8 Stealth
 * Level 6.3 Shields


You had 7 spell levels left.
You didn't know any spells.
Your spell library contained the following spells:

 Spells                   Type           Power      Damage    Failure   Level
 Summon Small Mammal      Summ           0%         N/A       77%         1
 Cigotuvi's Dreadful Rot  Necr/Pois/Air  0%         N/A       88%         2
 Call Canine Familiar     Summ           0%         N/A       98%         3
 Dazzling Flash           Conj/Hex       0%         N/A       98%         3
 Ignite Poison            Fire/Tmut/Pois 0%         N/A       98%         3
 Summon Guardian Golem    Hex/Summ       0%         N/A       98%         3
 Anguish                  Hex/Necr       0%         N/A       100%        4
 Cause Fear               Hex            0%         N/A       100%        4
 Agony                    Necr           0%         N/A       100%        5
 Freezing Cloud           Conj/Ice/Air   0%         6-21      100%        5
 Silence                  Hex/Air        0%         N/A       100%        5
 Enfeeble                 Hex            0%         N/A       100%        7


Dungeon Overview and Level Annotations

Branches:
Dungeon (6/15)             Temple (1/1) D:5

Altars:
Ashenzari
Dithmenos
Elyvilon
Fedhas
Gozag
Hepliaklqana
Kikubaaqudgha
Makhleb
Nemelex Xobeh
Okawaru
Qazlal
Ru
Sif Muna
Trog
Uskayaw
Vehumet
Xom
Yredelemnul
Zin
The Shining One


Innate Abilities, Weirdness & Mutations

You cannot be hasted, slowed, berserked, paralysed or teleported.
You can dig through walls and to a lower floor.
You have a pair of large antennae on your head. (SInv)
Your four strong arms can wield two-handed weapons with a shield.


Message History

* * * LOW HITPOINT WARNING * * *
You feel very sick.
The black bear is no longer distracted by gold.
The scorpion misses you.
The orc priest hits you but does no damage.
The orc is distracted by your dazzling golden aura.
The orc wizard hits you but does no damage.
You barely miss the black bear.
The orc shouts!
You hit the orc wizard. You hit the orc. You slash the scorpion!
You hit the orc priest. x2
* * * LOW HITPOINT WARNING * * *
You feel sick. The scorpion closely misses you.
The black bear bites you but does no damage.
The black bear claws you but does no damage.
You block the black bear's attack.
The orc priest calls upon Beogh to heal the orc.
The orc's wounds heal themselves!
The orc wizard gestures at you while chanting.
The puff of flame hits you but does no damage.
An orc wizard comes into view. It is wielding a +0 dagger.
The orc is distracted by your dazzling golden aura.
The orc hits you but does no damage.
The orc priest looks encouraged for a moment.
You block the scorpion's attack.
You slash the black bear!
The black bear is moderately wounded.
You hit the orc priest.
You kill the orc priest!
You slash the orc priest!
You kill the orc priest!
You hit the orc wizard but do no damage.
You barely miss the orc. You hit the orc. You barely miss the scorpion.
* * * LOW HITPOINT WARNING * * *
You feel sick. You block the orc's attack. The black bear bites you.
* * * LOW HITPOINT WARNING * * *
The black bear claws you but does no damage.
The black bear claws you.
You die...
Your body crumbles into a pile of gold.

...................
..................#
...................
#..<...........
##.#..##......#
##..)# .......
##..###$......
##...os$o...... $
......ooh@o......
.......o##$o......
.........#.####...
$ ..#...#..#.# ..
......##.... .
..>.. .... ....
.... .....


You could see a black bear, a scorpion, an orc priest, 2 orc wizards and 4 orcs.

Vanquished Creatures
  Eustachio (D:5)
  An ice beast (D:5)
  2 ogres
  A centaur (D:6)
  2 phantoms (D:5)
  A bullfrog (D:6)
  A scorpion (D:4)
  6 orc priests
  2 hounds
  Crazy Yiuf (D:5)
  3 iguanas
  2 orc wizards
  A gnoll (D:2)
  8 adders
  An ufetubus (D:5)
  6 worms
  A dart slug (D:1)
  12 orcs
  3 endoplasms
  4 giant cockroaches
  12 goblins
  8 hobgoblins
  8 jackals
  5 quokkas
  5 ball pythons
  5 bats
  3 frilled lizards
  12 kobolds
  8 rats
125 creatures vanquished.

Notes
Turn   | Place    | Note
-------+----------+-------------------------------------------
     0 | D:1      | GigaChad the Formicid Fighter began the quest for the Orb.
     0 | D:1      | Reached XP level 1. HP: 18/18 MP: 1/1
    87 | D:1      | Reached XP level 2. HP: 24/24 MP: 2/2
   546 | D:1      | Reached XP level 3. HP: 25/29 MP: 3/3
  1054 | D:2      | Reached skill level 3 in Axes
  1054 | D:2      | Reached XP level 4. HP: 24/35 MP: 4/4
  1666 | D:2      | Reached XP level 5. HP: 29/42 MP: 5/5
  1769 | D:2      | Identified the amulet "Mintar" {Reflect -Tele rC+ Dex+4
                  | SH+5 Stlth+}
  2026 | D:3      | Reached skill level 4 in Axes
  2304 | D:3      | Noticed an ogre
  2327 | D:3      | Killed an ogre
  2328 | D:3      | Reached XP level 6. HP: 48/48 MP: 6/6
  2447 | D:3      | Found a burning altar of Makhleb.
  2688 | D:3      | Identified a scroll of acquirement
  2689 | D:3      | Acquired the +3 pair of seven-league boots {Rampage+∞}
  2689 | D:3      | Found the +3 pair of seven-league boots {Rampage+∞}
  2728 | D:4      | Reached skill level 1 in Dodging
  2788 | D:4      | Reached skill level 5 in Shields
  2816 | D:4      | Reached skill level 5 in Axes
  2816 | D:4      | Reached XP level 7. HP: 41/54 MP: 7/7
  3900 | D:5      | Entered Level 5 of the Dungeon
  3954 | D:5      | Noticed Eustachio
  3987 | D:5      | Killed Eustachio
  3988 | D:5      | Reached skill level 6 in Axes
  3988 | D:5      | Reached skill level 5 in Armour
  3988 | D:5      | Reached XP level 8. HP: 35/61 MP: 8/8
  4207 | D:5      | Reached skill level 1 in Long Blades
  4239 | D:5      | Found a staircase to the Ecumenical Temple.
  4277 | Temple   | Entered the Ecumenical Temple
  4403 | Temple   | Became a worshipper of Gozag Ym Sagoz the Greedy
  4454 | D:5      | Found a shimmering blue altar of Sif Muna.
  4815 | D:5      | Found a runed translucent door.
  4816 | D:5      | Noticed Crazy Yiuf
  4825 | D:5      | Killed Crazy Yiuf
  4951 | D:6      | Reached skill level 5 in Fighting
  4951 | D:6      | Reached skill level 7 in Axes
  4955 | D:6      | HP: 3/62 [poisoned by a scorpion]
  4955 | D:6      | Slain by a black bear

Illustrated notes

Levels and vault maps discovered:
D:1:      lightli_arrival_statue_moat, layout_basic,
          chequers_serial_rivers_micro_e
D:2:      minmay_razor_zed, layout_basic
D:3:      layout_loops_ring, bloody_makhleb, minmay_ogre_servants
D:4:      layout_loops_cross, serial_co_window_serial, co_window_paths_a,
          co_window_corner_a, co_window_corner_a, co_window_of_opportunity_a,
          co_window_corner_a, co_window_broadway_b, co_window_corner_cb,
          co_window_paths_c, co_window_broadway_b, co_window_of_opportunity_c,
          co_window_corner_cb, glass_columns_a, glass_columns_a,
          glass_columns_b, glass_columns_c
D:5:      layout_basic, mainiacjoe_overflow_concentric_impassable,
          minmay_temple_entry_drinking_statues, uniq_crazy_yiuf_cottage,
          uniq_eustachio
D:6:      layout_cave_pools
Temple:   compressed_dpeg_circular_temple

Skill      XL: |  1  2  3  4  5  6  7  8 |
---------------+-------------------------+-----
Axes           | 3 4 5 6 7 |  7.2
Armour         | 4 5 |  5.7
Fighting       | 4 5 |  5.0
Dodging        | 1 |  1.3
Shields        | 5 6 |  6.3
Long Blades    | 1 |  1.9
Stealth        | |  0.8

Action                     |  1- 3 |  4- 6 |  7- 9 || total
---------------------------+-------+-------+-------++-------
  Melee: War axe           |    75 |   150 |   149 ||   374
    Use: Scroll            |       |     6 |       ||     6
   Stab: Sleeping          |       |     1 |       ||     1
 Armour: Scale mail        |    23 |    57 |    66 ||   146
  Dodge: Dodged            |    37 |    70 |    62 ||   169
  Block: Buckler           |    23 |    45 |   101 ||   169
         Reflection        |       |       |     2 ||     2
